 Dungeon Crawl Stone Soup version 0.27-a0-1184-ge86db4a01e (webtiles) character file.

Game seed: 13029240200778196004

7 Zonian the Insei (level 2, -1/23 HPs)
             Began as a Gnoll Transmuter on May 18, 2021.
             Killed from afar by a dart slug (7 damage)
             ... with a slug dart
             ... on level 1 of the Dungeon.
             The game lasted 00:00:29 (74 turns).

Zonian the Insei (Gnoll Transmuter)                   Turns: 74, Time: 00:00:30

Health: -1/23      AC:  2    Str:  9    XL:     2   Next: 4%
Magic:  7/7        EV: 13    Int: 12    God:
Gold:   9          SH:  0    Dex: 12    Spells: 9/10 levels left

rFire    . . .     SeeInvis .     - Unarmed
rCold    . . .     Faith    .   (no shield)
rNeg     . . .     Spirit   .   a - +0 robe
rPois    .         Reflect  .   (no helmet)
rElec    .         Harm     .   (no cloak)
rCorr    .         Rampage  .   (no gloves)
Will     .....                  (no boots)
Stlth    +.........             (no amulet)
HPRegen  0.07/turn              (no ring)
MPRegen  0.10/turn              (no ring)

@: no status effects
A: fangs 1, strong nose, distributed training
a: no special abilities


You were on level 1 of the Dungeon.
You visited 1 branch of the dungeon, and saw 1 of its levels.

You collected 9 gold pieces.

Inventory:

Armour
 a - a +0 robe (worn)


   Skills:
 + Level 2.4 Fighting
 + Level 0.2 Short Blades
 + Level 0.2 Long Blades
 + Level 0.2 Axes
 + Level 0.2 Maces & Flails
 + Level 0.2 Polearms
 + Level 0.2 Staves
 + Level 0.2 Slings
 + Level 0.2 Bows
 + Level 0.2 Crossbows
 + Level 0.2 Throwing
 + Level 0.2 Armour
 + Level 4.4 Dodging
 + Level 0.2 Stealth
 + Level 0.2 Shields
 + Level 6.4 Unarmed Combat
 + Level 4.9 Spellcasting
 + Level 0.1 Conjurations
 + Level 0.1 Hexes
 + Level 0.1 Summonings
 + Level 0.1 Necromancy
 + Level 0.1 Translocations
 + Level 3.6 Transmutations
 + Level 0.1 Fire Magic
 + Level 0.1 Ice Magic
 + Level 0.1 Air Magic
 + Level 0.1 Earth Magic
 + Level 0.1 Poison Magic
 + Level 0.3 Invocations
 + Level 0.2 Evocations


You had 9 spell levels left.
You knew the following spells:

 Your Spells              Type           Power      Damage    Failure   Level
a - Beastly Appendage     Tmut           22%        N/A       4%          1

Your spell library contained the following spells:

 Spells                   Type           Power      Damage    Failure   Level
 Wereblood                Tmut           11%        N/A       7%          2
 Spider Form              Tmut/Pois      3%         N/A       28%         3
 Ice Form                 Ice/Tmut       7%         N/A       67%         4
 Hydra Form               Tmut           5%         N/A       77%         5


Dungeon Overview and Level Annotations

Branches:
Dungeon (1/15)

Altars:


Innate Abilities, Weirdness & Mutations

You have very sharp teeth.
Your uncanny sense of smell can sniff out nearby items.
Your experience applies equally to all skills.


Message History

Your headbutt misses the jackal.
The jackal is lightly wounded.
The jackal barely misses you. The jackal closely misses you.
You hit the jackal.
You kill the jackal!
You miss the jackal. Your headbutt misses the jackal. The jackal bites you.
You punch the jackal!
You kill the jackal!
The jackal barely misses you.
The jackal bites you but does no damage.
You hit the jackal.
The jackal is moderately wounded.
The jackal barely misses you.
You hit the jackal.
You kill the jackal!
Your horns disappear.
Your talons disappear.
You have reached level 2!
You see here a jackal corpse.
A dart slug comes into view.
A quokka comes into view.
You see here 9 gold pieces.
You now have 9 gold pieces.
Found a stone staircase leading down.
You see here 25 arrows.
A rat comes into view.
The rat closely misses you.
Found a ring mail.
You see here a scroll labelled HEOPLAA NECLAST.
The rat bites you but does no damage. The dart slug launches a dart at you.
The slug dart hits you. The rat bites you but does no damage.
You completely miss the rat. The dart slug launches a dart at you.
The slug dart hits you. The dart slug launches a dart at you.
The slug dart hits you.
* * * LOW HITPOINT WARNING * * *
The dart slug launches a dart at you. The slug dart hits you!
You die...

..# ∆ #.#....# #.#....#
######### #.#....#
#.#r#.#.## #.#....#
##.#r#.#.# #.#....#
#r#.#@#.### #.#....##
##.#.#.#..####.#......
#...#.#<#w#r...w........
∆#....#.#.#.#.######.†.....
#..#...#.#.#.## #.....†. ..
#..#.#.#.#.# #.#.....
#...######### #.#...†. ....
#....... ... ##.##.##


You could see a dart slug, a quokka and a rat.

Vanquished Creatures
  2 endoplasms (D:1)
  3 jackals (D:1)
  A rat (D:1)
6 creatures vanquished.

Notes
Turn   | Place    | Note
-------+----------+-------------------------------------------
     0 | D:1      | Zonian the Gnoll Transmuter began the quest for the Orb.
     0 | D:1      | Reached XP level 1. HP: 17/17 MP: 6/6
    33 | D:1      | Reached XP level 2. HP: 14/23 MP: 7/7
    74 | D:1      | Killed from afar by a dart slug

Illustrated notes

Levels and vault maps discovered:
D:1:      lightli_arrival_chessboard, layout_basic, minmay_box_of_dots

Action                   || total
-------------------------++-------
Melee: Unarmed           ||    12
       Kick              ||     3
       Punch             ||     1
       Bite              ||     1
 Cast: Beastly Appendage ||     1
Armor: Robe              ||     3
Dodge: Dodged            ||     7

Table legend: (Time is in decaauts)
 A = Elapsed time spent in this place.
 B = Non-inter-level travel time spent in this place.
 C = Inter-level travel time spent in this place.
 D = Time resting spent in this place.
 E = Time spent auto-exploring this place.
 F = Levels seen in this place.
 G = Mean time per level.
                   A        B        C        D        E       F      G
               +--------+--------+--------+--------+--------+-----+--------+
         Total |     72 |     72 |      0 |      0 |     12 |   1 |   72.0 |
       Dungeon |     72 |     72 |      0 |      0 |     12 |   1 |   72.0 |
               +--------+--------+--------+--------+--------+-----+--------+

Top non-repeatable levels by time:
     D:1: 72 daAuts
